 Dungeon Crawl Stone Soup version 0.25.0-10-g039870ee82 (webtiles) character file.

Game seed: 5625799739717647937

32 LohmatiyShmel the Skirmisher (level 3, -1/34 HPs)
             Began as a Hill Orc Abyssal Knight on June 23, 2020.
             Was a Follower of Lugonu.
             Slain by a hobgoblin
             ... wielding a +0 spear
              (7 damage)
             ... on level 2 of the Dungeon.
             The game lasted 00:02:41 (1699 turns).

LohmatiyShmel the Skirmisher (HOAK)                 Turns: 1699, Time: 00:02:41

Health: -1/34      AC:  5    Str: 15    XL:     3   Next: 25%
Magic:  5/5        EV: 10    Int: 12    God:    Lugonu [*.....]
Gold:   81         SH:  0    Dex: 10    Spells: 2/2 levels left

rFire    . . .     SeeInvis .   a - +1 hand axe
rCold    . . .     Gourm    .   (no shield)
rNeg     . . .     Faith    .   d - +0 ring mail
rPois    .         Spirit   .   (no helmet)
rElec    .         Reflect  .   (no cloak)
rCorr    .         Harm     .   (no gloves)
MR       .....                  (no boots)
Stlth    ..........             (no amulet)
HPRegen  0.11/turn              (no ring)
MPRegen  0.09/turn              (no ring)

@: lethally poisoned (-1 -> -13)
A: no striking features
a: Depart the Abyss, Renounce Religion


You were on level 2 of the Dungeon.
You worshipped Lugonu.
Lugonu was aware of your devotion.
You were not hungry.

You visited 1 branch of the dungeon, and saw 2 of its levels.
You visited the Abyss 1 time.

You collected 81 gold pieces.

Inventory:

Hand Weapons
 a - a +1 hand axe (weapon)
Armour
 d - a +0 ring mail (worn)
Scrolls
 e - 3 scrolls of identify
 f - a scroll of immolation {unknown}
Potions
 b - a potion of magic
 h - a potion of curing {unknown}
 i - a potion of resistance {unknown}
Comestibles
 c - a ration
 g - a chunk of flesh


   Skills:
 + Level 4.4 Fighting
 * Level 3.2 Axes
 - Level 2.3 Armour
 - Level 1.0 Dodging
 + Level 2.8 Invocations


You had 2 spell levels left.
You didn't know any spells.
Your spell library was empty.

Dungeon Overview and Level Annotations

Branches:
Dungeon (2/15)

Altars:
Yredelemnul


Message History

You are poisoned.
You see here a poisoned dart.
You feel sick.
The hobgoblin throws a poisoned dart.
The poisoned dart hits you!
You are lethally poisoned!
You see here a poisoned dart.
* * * LOW HITPOINT WARNING * * *
You feel sick.
The hobgoblin throws a poisoned dart.
The poisoned dart hits you.
You are more poisoned.
You see here a poisoned dart.
* * * LOW HITPOINT WARNING * * *
You feel sick.
The hobgoblin throws a poisoned dart.
The poisoned dart barely misses you.
* * * LOW HITPOINT WARNING * * *
You feel sick.
The hobgoblin hits you but does no damage.
* * * LOW HITPOINT WARNING * * *
You feel sick. The hobgoblin hits you with a +0 spear!
You die...

########### #########
#.........## #.......#
#....†......
#.#####.#.#####(((......#
#÷# #.#..g@.....(......?
#.#####.#####...?.......##
#.#.....#..........######
#.#.#####.##.P.P$..# #.#.#
#.##.._.$..# #.#.#
#.##.P.P...# #.#.#
#.##.........
#.#.#####.############
#.#.....#......#


You could see a hobgoblin.

Vanquished Creatures
  A worm (D:2)
  A dart slug (D:1)
  2 leopard geckos (D:1)
  A bat (D:2)
  A giant cockroach (D:1)
  A goblin (D:2)
  4 hobgoblins
  4 jackals (D:1)
  A ball python (D:1)
  2 frilled lizards (D:1)
  3 kobolds (D:1)
  3 rats (D:1)
24 creatures vanquished.

Notes
Turn   | Place    | Note
-------+----------+-------------------------------------------
     0 | Abyss:1  | LohmatiyShmel the Hill Orc Abyssal Knight began the quest
                  | for the Orb.
     0 | Abyss:1  | Reached XP level 1. HP: 19/19 MP: 2/2
     5 | D:1      | Escaped the Abyss
   188 | D:1      | Reached skill level 4 in Fighting
   445 | D:1      | Reached XP level 2. HP: 27/27 MP: 3/3
   606 | D:1      | Reached skill level 1 in Dodging
  1306 | D:1      | Reached XP level 3. HP: 32/34 MP: 5/5
  1655 | D:2      | Found a basalt altar of Yredelemnul.
  1699 | D:2      | Slain by a hobgoblin

Illustrated notes

Levels and vault maps discovered:
D:1:      psy_arrival_radial01, layout_basic, grunt_decor_cap,
          chequers_serial_rivers_large_a, minmay_tromino_v7
D:2:      cheibrodos_old_hovel, layout_basic,
          grunt_temple_overflow_order_and_chaos_1, tgw_trog,
          yredelemnul_altar_generic, chequers_ecumenical_altar_grove

Skill      XL: |  1  2 |
---------------+-------+-----
Fighting       | 4 |  4.4
Dodging        | 1 |  1.0
Axes           | 3 |  3.2
Armour         | |  2.3
Invocations    | |  2.8

Action                   || total
-------------------------++-------
Melee: Hand axe          ||    76
  Use: Scroll            ||     1
  Eat: Ration            ||     1
Armor: Leather armour    ||    11
       Ring mail         ||     6
Dodge: Dodged            ||    50
